 Dungeon Crawl Stone Soup version 0.21-a0-405-gf2af9a1 (webtiles) character file.

7392 Lucama221 the Blocker (level 10, -11/88 HPs)
             Began as a Minotaur Fighter on Nov 1, 2017.
             Was an Elder of Okawaru.
             Mangled by a death yak (16 damage)
             ... on level 2 of the Lair of Beasts.
             The game lasted 01:31:38 (9108 turns).

Lucama221 the Blocker (Minotaur Fighter)            Turns: 9108, Time: 01:31:41

Health: -11/88     AC: 17    Str: 24    XL:     10   Next: 92%
Magic:  0/9        EV: 10    Int:  5    God:    Okawaru [****..]
Gold:   225        SH: 13    Dex: 13    Spells: 9/9 levels left

rFire    . . .     SeeInvis .   y - +2 flail (crush)
rCold    . . .     Gourm    .   c - +0 shield
rNeg     . . .     Faith    .   q - +4 chain mail
rPois    .         Spirit   +   (helmet restricted)
rElec    .         Reflect  .   D - scarf {Spirit}
rCorr    .         Harm     .   r - +0 pair of gloves
MR       .....                  G - +0 pair of boots
Stlth    ..........             (no amulet)
HPRegen  0.24/turn              x - +3 ring of dexterity
MPRegen  0.11/turn              (no ring)

@: no status effects
A: retaliatory headbutt, horns 2
a: Heroism, Renounce Religion


You were on level 2 of the Lair of Beasts.
You worshipped Okawaru.
Okawaru was greatly pleased with you.
You were hungry.

You visited 3 branches of the dungeon, and saw 11 of its levels.

You collected 489 gold pieces.
You spent 264 gold pieces at shops.

Inventory:

Hand Weapons
 w - the cursed +1 rapier "Cyleen" {flame, Str+4, unknown}
   (You took it off an orc on level 4 of the Dungeon)

   It has been specially enchanted to burn those struck by it, causing extra
   injury to most foes and up to half again as much damage against particularly
   susceptible opponents.
   It affects your strength (+4).
   It has a curse placed upon it.
 y - a +2 flail of crushing (weapon)
 z - a +1 flail of holy wrath
Missiles
 v - 10 tomahawks (quivered)
Armour
 c - a +0 shield (worn)
 q - a +4 chain mail (worn)
 r - a +0 pair of gloves (worn)
 u - a +1 cloak
 D - a scarf of spirit shield (worn)
 G - a +0 pair of boots (worn)
Jewellery
 x - a +3 ring of dexterity (left hand)
Scrolls
 e - 3 scrolls of recharging
 g - 2 scrolls of enchant armour
 h - 3 scrolls of teleportation
 k - 2 scrolls of fear
 m - 3 scrolls of identify
 n - 4 scrolls of remove curse
 o - 2 scrolls of magic mapping
 t - a scroll of noise
 A - 2 scrolls of amnesia
 E - a scroll of random uselessness {unknown}
 F - a scroll of enchant weapon {unknown}
Potions
 a - a potion of flight {unknown}
 b - a potion of invisibility {unknown}
 d - 2 potions of might
 j - a potion of haste {unknown}
 l - 3 potions of curing
 p - a potion of mutation {unknown}
 s - a potion of berserk rage {unknown}
 B - a potion of agility {unknown}
 C - a potion of degeneration {unknown}
 J - a potion of magic {unknown}
Comestibles
 f - 6 bread rations
 i - 8 meat rations


   Skills:
 + Level 7.9 Fighting
   Level 8.5(10.2) Axes
 + Level 9.1(10.5) Maces & Flails
 + Level 8.7 Armour
 + Level 4.3 Dodging
 + Level 1.4 Stealth
 + Level 11.2 Shields
 + Level 0.1 Invocations


You had 9 spell levels left.
You didn't know any spells.

Dungeon Overview and Level Annotations

Branches:
Dungeon (8/15)             Temple (1/1) D:7            Lair (2/6) D:8
  Swamp: Lair:2-4    Shoals: Lair:2-4     Snake: Lair:2-4    Spider: Lair:2-4

Altars:
Ashenzari
Cheibriados
Elyvilon
Gozag
Kikubaaqudgha
Makhleb
Nemelex Xobeh
Okawaru
Trog
Vehumet
Wu Jian
Xom
Zin
The Shining One

Shops:
D:7 [=


Innate Abilities, Weirdness & Mutations

You reflexively headbutt those who attack you in melee.
You have a pair of horns on your head.


Message History

The death yak gores you! x2
You barely miss the death yak. You headbutt the death yak!
The death yak is moderately wounded.
You block the blink frog's attack. The death yak gores you!
You block the death yak's attack.
You thump the death yak!
The death yak is heavily wounded.
You block the blink frog's attack. You block the death yak's attack.
The blink frog blinks!
The blink frog hits you! The death yak gores you!
* * * LOW HITPOINT WARNING * * *
The death yak gores you!
* * * LOW HITPOINT WARNING * * *
You don't have enough magic at the moment.
You hit the death yak.
You headbutt the death yak, but do no damage.
The death yak is lightly wounded.
You block the death yak's attack.
The blink frog hits you but does no damage.
The death yak gores you!
You die...

#####....## #.P.
...............
..........P#..#
......... ...#
#...... ...
#.....###.+##...
#....FSYYF......
#....SYY@#
#...FY####
#...ยง..#
#....S.#
#......#
#.F<..P#
#.....##
........#
F...........


You could see 5 death yaks, 3 blink frogs and 2 water moccasins.

Vanquished Creatures
  A hydra (Lair:1)
  Nergalle (Lair:1)
  A black mamba (Lair:2)
  2 spiny frogs (Lair:1)
  Grinder (D:3)
  3 blink frogs (Lair:1)
  Sigmund (D:6)
  3 yaks (Lair:1)
  A hungry ghost (D:8)
  2 water moccasins (Lair:1)
  2 ice beasts
  4 orc warriors
  A sky beast (D:8)
  2 black bears (D:7)
  4 ogres
  A phantom (D:5)
  The ghost of Nukog the Magician, an amateur DgSu (D:3)
  3 wolves (Lair:1)
  A crocodile (Lair:1)
  2 centaurs
  3 bullfrogs
  4 scorpions
  A howler monkey (D:4)
  An electric eel (Lair:1)
  4 crimson imps
  6 orc priests
  A hound (D:5)
  A bullfrog skeleton (D:6)
  2 iguanas (D:4)
  6 orc wizards
  A centaur skeleton (D:5)
  Jessica (D:3)
  Terence (D:2)
  2 hell rats (Lair:1)
  3 worker ants
  A hound zombie (D:6)
  A worker ant zombie (D:5)
  10 river rats (Lair:1)
  15 adders
  8 gnolls
  A shadow imp (D:5)
  3 oozes
  2 adder skeletons
  3 adder zombies
  A worm (D:3)
  2 dart slugs
  3 leopard geckos
  22 orcs
  9 bats
  4 giant cockroaches
  6 hobgoblins
  11 jackals
  3 kobolds
  4 quokkas
  4 frilled lizards
  7 goblins
  2 jackal skeletons (D:4)
  4 rats
200 creatures vanquished.

Notes
Turn   | Place    | Note
-------+----------+-------------------------------------------
     0 | D:1      | Lucama221 the Minotaur Fighter began the quest for the Orb.
     0 | D:1      | Reached XP level 1. HP: 19/19 MP: 0/0
   201 | D:1      | Reached XP level 2. HP: 26/27 MP: 1/1
   464 | D:1      | Reached skill level 4 in Shields
   951 | D:2      | Found a glowing silver altar of Zin.
   956 | D:2      | Reached XP level 3. HP: 33/33 MP: 2/2
   989 | D:2      | Noticed Terence
   998 | D:2      | Killed Terence
  1138 | D:2      | Reached XP level 4. HP: 40/40 MP: 3/3
  1188 | D:2      | Reached skill level 1 in Dodging
  1558 | D:2      | Reached XP level 5. HP: 47/47 MP: 4/4
  1769 | D:3      | Noticed Jessica
  1775 | D:3      | Killed Jessica
  1849 | D:3      | Reached skill level 5 in Shields
  2004 | D:3      | Reached skill level 5 in Fighting
  2160 | D:3      | Noticed Nukog's ghost (amateur DgSu)
  2171 | D:3      | Killed Nukog's ghost
  2171 | D:3      | Reached XP level 6. HP: 48/56 MP: 5/5
  2177 | D:3      | Reached skill level 5 in Axes
  2424 | D:3      | Noticed Grinder
  2453 | D:3      | Paralysed by Grinder for 4 turns
  2457 | D:3      | Killed Grinder
  2457 | D:3      | Reached skill level 5 in Armour
  2457 | D:3      | Reached XP level 7. HP: 25/61 MP: 6/6
  2538 | D:3      | Found a sparkling altar of Nemelex Xobeh.
  2907 | D:3      | HP: 3/61 [orc priest/divine providence (12)]
  3477 | D:4      | Found a burning altar of Makhleb.
  3536 | D:4      | Found a shimmering altar of Xom.
  3543 | D:4      | Reached skill level 6 in Shields
  3599 | D:4      | Got a polished ring mail
  3635 | D:4      | Reached skill level 1 in Stealth
  3782 | D:4      | Reached XP level 8. HP: 64/70 MP: 7/7
  4146 | D:4      | Found an ornate altar of the Wu Jian Council.
  4218 | D:4      | Got an ancient rapier {flame}
  4502 | D:5      | Entered Level 5 of the Dungeon
  5025 | D:5      | Reached skill level 7 in Shields
  5213 | D:5      | Reached skill level 1 in Maces & Flails
  5491 | D:6      | Reached skill level 8 in Shields
  5491 | D:6      | Reached XP level 9. HP: 67/78 MP: 8/8
  5696 | D:6      | Found a radiant altar of Vehumet.
  5718 | D:6      | Noticed Sigmund
  5728 | D:6      | Killed Sigmund
  6377 | D:7      | Found a staircase to the Ecumenical Temple.
  6406 | Temple   | Entered the Ecumenical Temple
  6437 | Temple   | Became a worshipper of Warmaster Okawaru
  6718 | D:7      | Reached skill level 5 in Maces & Flails
  6766 | D:7      | Found Puekoxiv's Jewellery Emporium.
  6766 | D:7      | Found a bloodstained altar of Trog.
  6767 | D:7      | Found Juidiebb's Antique Armour Emporium.
  6778 | D:7      | Reached skill level 9 in Shields
  6818 | D:7      | Bought a glowing scarf for 264 gold pieces
  6945 | D:7      | Found a snail-covered altar of Cheibriados.
  7284 | D:7      | Reached * piety under Okawaru
  7549 | D:8      | Found a staircase to the Lair.
  7611 | Lair:1   | Entered Level 1 of the Lair of Beasts
  7637 | Lair:1   | Noticed Nergalle
  7691 | Lair:1   | Killed Nergalle
  7691 | Lair:1   | Reached ** piety under Okawaru
  7691 | Lair:1   | Reached XP level 10. HP: 18/86 MP: 1/9
  7940 | Lair:1   | Reached skill level 10 in Shields
  8122 | Lair:1   | Noticed a five-headed hydra
  8145 | Lair:1   | Killed a five-headed hydra
  8145 | Lair:1   | Reached *** piety under Okawaru
  8162 | Lair:1   | Noticed a spiny frog
  8177 | Lair:1   | Killed a spiny frog
  8183 | Lair:1   | Noticed a spiny frog
  8387 | Lair:1   | Killed a spiny frog
  8414 | Lair:1   | Reached **** piety under Okawaru
  8497 | Lair:1   | Reached skill level 11 in Shields
  9088 | Lair:2   | Noticed a death yak
  9088 | Lair:2   | Noticed a death yak
  9088 | Lair:2   | Noticed a death yak
  9088 | Lair:2   | Noticed a death yak
  9088 | Lair:2   | Noticed a death yak
  9097 | Lair:2   | Noticed a black mamba
  9104 | Lair:2   | Killed a black mamba
  9108 | Lair:2   | Mangled by a death yak

Vault maps used:
D:1:      dpeg_arrival_line_fractal, supply_closet_lemuel
D:2:      lemuel_crystal_altar, minmay_split_cup_large, uniq_terence
D:3:      nemelex_xobeh_ov_fountains_minmay, cheibrodos_sewer_entry_bend,
          first_bread, feat_on_display, uniq_grinder, uniq_jessica
D:4:      kennysheep_mini, nicolae_overflow_crystal_walls,
          lightli_temple_of_fire, grunt_ministairs_11,
          kennysheep_opposing_triangles
D:6:      vehumet_crystals, uniq_sigmund
D:7:      lemuel_doored_altar, trog_ov_bears_minmay,
          minmay_temple_entry_glassed_door, serial_shops, shop, shop_coins,
          kennysheep_generic_room_4
D:8:      lair_entry_dummy, uniq_pikel
Temple:   oiseaux_autumnal_temple
Lair:1:   kennysheep_rathole, infiniplex_staircase_pool, grunt_megastairs_3,
          uniq_nergalle
Lair:2:   lemuel_slime

Skill      XL: |  1  2  3  4  5  6  7  8  9 10 |
---------------+-------------------------------+-----
Shields        | 4 5 6 8 9 11 | 11.2
Fighting       | 4 5 6 7 |  7.9
Axes           | 3 4 5 7 8 |  8.5
Armour         | 4 5 6 7 8 |  8.7
Dodging        | 1 2 3 4 |  4.3
Stealth        | 1 |  1.4
Maces & Flails | 2 6 9 |  9.1
Invocations    | |  0.1

Action                   |  1- 3 |  4- 6 |  7- 9 | 10-12 || total
-------------------------+-------+-------+-------+-------++-------
Melee: War axe           |    51 |   134 |   159 |       ||   344
       Headbutt          |     9 |    14 |    80 |    38 ||   141
       Flail             |       |       |   239 |   127 ||   366
Invok: Heroism           |       |       |       |     1 ||     1
  Use: Scroll            |       |       |    11 |       ||    11
       Potion            |       |       |     1 |       ||     1
  Eat: Chunk             |       |     5 |    15 |     3 ||    23
       Royal jelly       |       |       |     2 |       ||     2
       Fruit             |       |       |       |     1 ||     1
Armor: Scale mail        |    21 |    65 |    16 |       ||   102
       Chain mail        |       |       |   189 |    78 ||   267
Dodge: Dodged            |    13 |    38 |   125 |    63 ||   239
Block: Shield            |    37 |    77 |   247 |   110 ||   471

Table legend:
 A = Spawn XP
 B = Non-spawn XP
 C = Spawn XP percentage of total XP
 D = Spawn monster count
 E = Non-spawn monster count
 F = Spawn count percentage of total count
 G = Total turns spent on level
                    A         B        C        D         E        F      G
               +---------+---------+-------+---------+---------+-------+---------
         Total |       0 |   10560 |   0.0 |       0 |     200 |   0.0 |  9108
               +---------+---------+-------+---------+---------+-------+---------
           D:1 |       0 |      37 |   0.0 |       0 |      16 |   0.0 |   944
           D:2 |       0 |     164 |   0.0 |       0 |      27 |   0.0 |   782
           D:3 |       0 |     889 |   0.0 |       0 |      33 |   0.0 |  1648
           D:4 |       0 |     621 |   0.0 |       0 |      25 |   0.0 |  1128
           D:5 |       0 |     779 |   0.0 |       0 |      22 |   0.0 |   922
           D:6 |       0 |    1012 |   0.0 |       0 |      24 |   0.0 |   853
           D:7 |       0 |     930 |   0.0 |       0 |      14 |   0.0 |  1015
           D:8 |       0 |     437 |   0.0 |       0 |       7 |   0.0 |   244
        Lair:1 |       0 |    5239 |   0.0 |       0 |      31 |   0.0 |  1477
        Lair:2 |       0 |     452 |   0.0 |       0 |       1 |   0.0 |    20
               +---------+---------+-------+---------+---------+-------+---------
